 Dungeon Crawl Stone Soup version 0.28.0-53-g5a82cb258f (webtiles) character file.

Game seed: 13610945828733370201

416 safid the Digger (level 6, -11/38 HPs)
             Began as a Gargoyle Earth Elementalist on Sept 2, 2022.
             Killed by divine providence
             ... invoked by an orc priest
              (15 damage)
             ... on level 4 of the Dungeon.
             The game lasted 00:05:18 (4814 turns).

safid the Digger (Gargoyle Earth Elementalist)      Turns: 4814, Time: 00:05:18

Health: -11/38     AC: 14    Str: 12    XL:     6   Next: 92%
Magic:  3/11       EV: 12    Int: 17    God:
Gold:   114        SH:  0    Dex: 10    Spells: 2/12 levels left

rFire   . . .      SeeInvis .   c - +2 dagger (protect)
rCold   . . .      Faith    .   (no shield)
rNeg    + . .      Spirit   .   b - +0 robe
rPois   ∞          Reflect  .   q - +0 helmet
rElec   +          Harm     .   (no cloak)
rCorr   .          Rampage  .   (no gloves)
Will    .....                   (no boots)
Stlth   ++........              (no amulet)
HPRegen 0.12/turn               (no ring)
MPRegen 0.12/turn               (no ring)

@: under a protective aura
A: sickness immunity, AC +4, negative energy resistance 1, electricity
resistance, torment resistance 1, petrification resistance
a: no special abilities


You were on level 4 of the Dungeon.
You visited 1 branch of the dungeon, and saw 4 of its levels.

You collected 114 gold pieces.

Inventory:

Hand Weapons
 c - a +2 dagger of protection (weapon)
Armour
 b - a +0 robe (worn)
 q - a +0 helmet (worn)
Scrolls
 a - a scroll of fog {unknown}
 d - a scroll of silence {unknown}
 e - 2 scrolls of enchant armour {unknown}
 f - a scroll of noise {unknown}
 g - a scroll of blinking {unknown}
 h - 3 scrolls of teleportation {unknown}
 i - 2 scrolls of identify {unknown}
 n - a scroll of magic mapping {unknown}
 o - 2 scrolls of vulnerability {unknown}
Potions
 j - 3 potions of brilliance {unknown}
 k - a potion of curing {unknown}
 l - 2 potions of might {unknown}
 m - a potion of flight {unknown}
 p - a potion of heal wounds {unknown}


   Skills:
 + Level 3.8 Fighting
 - Level 2.0 Dodging
 - Level 2.1 Stealth
 + Level 3.9 Spellcasting
 + Level 1.1 Conjurations
 - Level 1.0 Transmutations
 + Level 5.8 Earth Magic


You had 2 spell levels left.
You knew the following spells:

 Your Spells              Type           Power      Damage    Failure   Level
a - Sandblast             Erth           46%        2d11      1%          1
b - Stone Arrow           Conj/Erth      30%        3d8       12%         3
c - Iron Shot             Conj/Erth      7%         9d2       99%         6

Your spell library contained the following spells:

 Spells                   Type           Power      Damage    Failure   Level
 Passwall                 Tmut/Erth      11%        N/A       6%          2
 Ensorcelled Hibernation  Hex/Ice        6%         N/A       24%         2
 Spider Form              Tmut/Pois      5%         N/A       36%         3
 Petrify                  Tmut/Erth      14%        N/A       36%         4
 Animate Armour           Summ/Erth      26%        N/A       43%         4
 Anguish                  Hex/Necr       1%         N/A       85%         4
 Blade Hands              Tmut           3%         N/A       96%         5


Dungeon Overview and Level Annotations

Branches:
Dungeon (4/15)
 Temple: D:4-7

Altars:


Innate Abilities, Weirdness & Mutations

You are immune to sickness and miasma.
Your stone body is resilient. (AC +4)
You are immune to poison.
You resist negative energy. (rN+)
You are resistant to electric shocks. (rElec)
You are resistant to unholy torment.
You are immune to petrification.


Message History

Press: ? - help, Shift-Dir - straight line, f - orc
Aim: an orc, wielding a +0 whip and wearing a +0 leather armour (68% to hit)
The stone arrow misses the orc.
Casting: Stone Arrow (dangerous; 12% risk of failure)
Confirm with . or Enter, or press ? or * to list all spells.
Aiming: Stone Arrow (dangerous; 12% risk of failure)
Press: ? - help, Shift-Dir - straight line, f/p - orc
Aim: an orc, wielding a +0 whip and wearing a +0 leather armour (68% to hit)
The stone arrow misses the orc. x2; The orc closely misses you.
The orc priest casts a cantrip, but nothing happens.
Unknown command.
Casting: Stone Arrow (dangerous; 12% risk of failure)
Confirm with . or Enter, or press ? or * to list all spells.
Aiming: Stone Arrow (dangerous; 12% risk of failure)
Press: ? - help, Shift-Dir - straight line, f/p - orc
Aim: an orc, wielding a +0 whip and wearing a +0 leather armour (68% to hit)
The stone arrow misses the orc.
The orc hits you with a +0 hand axe.
* * * LOW HITPOINT WARNING * * *
The orc closely misses you.
Unknown command.
The orc priest miscasts a cantrip.
You closely miss the orc. You hit the orc.
Your weapon exudes an aura of protection.
The orc is severely wounded.
You see here a worm corpse.
You barely miss the orc.
The orc is severely wounded.
The orc closely misses you. The orc barely misses you.
The orc closely misses you.
You hit the orc but do no damage.
Your weapon exudes an aura of protection.
The orc is severely wounded.
The orc hits you with a +0 hand axe.
* * * LOW HITPOINT WARNING * * *
The orc hits you but does no damage.
Unknown command.
The orc priest mumbles some strange prayers to Beogh against you.
Beogh smites you!
You die...

.. ..#.....#.........
......(......).# ..###.
#.......#..###
##.....###.....###....
#.......#..###..#.....$.
............#o...........
#.... #.........#.....#$
.##...##..)oo....##...##
.......#..@......# ....
#.. #......#....... .
#..# #.##..###..#... #..#
#.###.# #.###... #..# #.#
### ### .## #..# #.#
#..####.# #.......#####
#..............


You could see an orc priest and 2 orcs.

Vanquished Creatures
  Sigmund (D:2)
  An ogre (D:4)
  A scorpion (D:2)
  5 adders
  4 worms
  3 dart slugs
  4 orcs
  A giant cockroach (D:3)
  2 goblins (D:3)
  2 hobgoblins
  6 jackals (D:3)
  A quokka (D:1)
  10 ball pythons
  3 bats
  3 frilled lizards
  3 kobolds
  4 rats
54 creatures vanquished.

Notes
Turn   | Place    | Note
-------+----------+-------------------------------------------
     0 | D:1      | safid the Gargoyle Earth Elementalist began the quest for
                  | the Orb.
     0 | D:1      | Reached XP level 1. HP: 10/10 MP: 3/3
   396 | D:1      | Reached skill level 1 in Transmutations
   396 | D:1      | Reached XP level 2. HP: 4/16 MP: 1/5
  1302 | D:2      | Reached skill level 1 in Fighting
  1302 | D:2      | Reached skill level 4 in Earth Magic
  1567 | D:2      | Reached XP level 3. HP: 5/20 MP: 2/6
  2123 | D:2      | Found a faded altar of an unknown god.
  2574 | D:2      | Noticed a scorpion
  2581 | D:2      | Killed a scorpion
  2582 | D:2      | Reached XP level 4. HP: 27/27 MP: 1/8
  2673 | D:2      | Noticed Sigmund
  2695 | D:2      | Killed Sigmund
  2696 | D:2      | Reached skill level 5 in Earth Magic
  2696 | D:2      | Reached XP level 5. HP: 27/32 MP: 4/10
  2696 | D:2      | Reached XP level 6. HP: 31/37 MP: 4/11
  3887 | D:3      | Learned a level 3 spell: Stone Arrow
  3894 | D:3      | Learned a level 6 spell: Iron Shot
  4706 | D:4      | Reached skill level 1 in Conjurations
  4814 | D:4      | Killed from afar by an orc priest

Illustrated notes

Levels and vault maps discovered:
D:1:      nagdon_arrival_zigzag_paths, layout_basic
D:2:      layout_basic, nicolae_ecumenical_snake_handling, glass_columns_a,
          uniq_sigmund
D:3:      layout_basic, minmay_misc_feat_doors, hangedman_decor_peaks_small
D:4:      nicolae_cairo_tiling_large_dashed, layout_basic, serial_shops,
          nicolae_shop_behind_doors, shop,
          nicolae_shop_temple_entry_statues_fountains, shop_statue,
          nicolae_shop_trees

Skill      XL: |  1  2  3  4  5  6 |
---------------+-------------------+-----
Transmutations | 1 |  1.0
Fighting       | 1 2 3 |  3.8
Earth Magic    | 4 5 |  5.8
Dodging        | 2 |  2.0
Spellcasting   | 3 |  3.9
Conjurations   | 1 |  1.1
Stealth        | |  2.1

Action                   |  1- 3 |  4- 6 || total
-------------------------+-------+-------++-------
Melee: Unarmed           |    70 |       ||    70
       Punch             |     1 |     5 ||     6
       Dagger            |    61 |   200 ||   261
 Cast: Sandblast         |    25 |    13 ||    38
       Stone Arrow       |       |     6 ||     6
 Stab: Sleeping          |     2 |     5 ||     7
Armor: Robe              |    83 |    66 ||   149
Dodge: Dodged            |   130 |   142 ||   272
